 Dungeon Crawl Stone Soup version 0.32-a0-876-gcfddb08e57 (webtiles) character file.

Game seed: 2105206664245089527

67 Adrian566 the Sneak (level 4, -1/29 HPs)
             Began as an Octopode Brigand on Apr 1, 2024.
             Slain by a goblin
             ... wielding a +0 dagger
             ... led by Robin
              (5 damage)
             ... on level 2 of the Dungeon.
             The game lasted 00:01:27 (782 turns).

Adrian566 the Sneak (Octopode Brigand)               Turns: 782, Time: 00:01:28

Health: -1/29      AC:  1    Str: 10    XL:     4   Next: 18%
Magic:  4/4        EV: 12    Int: 13    God:
Gold:   49         SH:  0    Dex: 15    Spells: 3/3 levels left

rFire   . . .        e - +3 dagger
rCold   . . .        (no shield)
rNeg    . . .        (helmet restricted)
rPois   .            (no amulet)
rElec   .            (no ring)
rCorr   .            (no ring)
SInv    .            (no ring)
Will    .....        (no ring)
Stlth   +++++        (no ring)
HPRegen 0.24/turn    (no ring)
MPRegen 0.09/turn    (no ring)
                     (no ring)

%: no passive effects
@: no status effects
A: almost no armour, amphibious, 8 rings, camouflage 1, gelatinous body 1,
(nimble swimmer 1), tentacles
a: no special abilities


You were on level 2 of the Dungeon.
You visited 1 branch of the dungeon, and saw 2 of its levels.

You collected 49 gold pieces.

Inventory:

Hand Weapons
 a - a +2 dagger
 e - a +3 dagger (weapon)
Missiles
 b - 9 poisoned darts (quivered)
 c - 3 curare-tipped darts
Scrolls
 d - a scroll of blinking {unknown}
 h - a scroll of torment {unknown}
Potions
 g - 3 potions of might {unknown}


   Skills:
 + Level 2.0 Fighting
 + Level 2.4 Short Blades
 + Level 2.0 Throwing
 + Level 1.0 Dodging
 * Level 7.4 Stealth


You had 3 spell levels left.
You didn't know any spells.
Your spell library was empty.

Dungeon Overview and Level Annotations

Branches:
Dungeon (2/15)

Altars:

Annotations:
D:2 Robin


Innate Abilities, Weirdness & Mutations

You cannot wear most types of armour.
You are amphibious.
You can wear up to eight rings at the same time.
Your skin changes colour to match your surroundings (Stealth+).
Your rubbery body absorbs attacks. (AC +1, EV +1)
((You are camouflaged when in or above water. (Stealth+)))
You have tentacles for arms and can constrict up to eight enemies at once.


Message History

The goblin hits you with a +0 dagger. The goblin misses you.
You are too injured to fight recklessly!
You are too injured to fight recklessly!
You are too injured to fight recklessly!
You are too injured to fight recklessly!
You are too injured to fight recklessly!
You are too injured to fight recklessly!
You are too injured to fight recklessly!
You are too injured to fight recklessly!
You are too injured to fight recklessly!
You are too injured to fight recklessly!
You are too injured to fight recklessly!
You are too injured to fight recklessly!
You are too injured to fight recklessly!
You are too injured to fight recklessly!
You are too injured to fight recklessly!
You are too injured to fight recklessly!
You are too injured to fight recklessly!
Unknown command.
The goblin hits you but does no damage.
The hobgoblin attacks as it pursues you!
The hobgoblin closely misses you. The goblin hits you with a +0 club.
A hobgoblin comes into view.
The goblin attacks as it pursues you! The goblin closely misses you.
The goblin attacks as it pursues you! The goblin misses you.
Robin laughs in a distinctly smug fashion.
The goblin attacks as it pursues you! The goblin hits you with a +0 dagger.
* * * LOW HITPOINT WARNING * * *
You completely miss the goblin. You grab the goblin. You constrict the goblin.
You release your grip on the goblin.
The goblin attacks as it pursues you! The goblin hits you with a +0 dagger.
* * * LOW HITPOINT WARNING * * *
You hit the goblin.
You kill the goblin!
The goblin attacks as it pursues you! The goblin barely misses you.
The hobgoblin no longer looks unusually strong.
The goblin attacks as it pursues you! The goblin hits you with a +0 dagger.
* * * LOW HITPOINT WARNING * * *
The goblin attacks as it pursues you! The goblin hits you with a +0 dagger.
You die...

## #.. #...# #....gg####
##. ..###...# ######.#
#..##.#.....# #.##
##.....#.#...# #.g#
#.........#...## ##.#
.##.##.....##....########.#
.K.....††..##.###..g..gg..#
.........).......g#########
.......)).......@##
.......).........#
##########.<.....#
#########


You could see a hobgoblin and a goblin (strong).

Vanquished Creatures
  3 gnolls (D:2)
  4 bats
  2 endoplasms (D:1)
  3 giant cockroaches
  5 goblins
  4 hobgoblins (D:1)
  A quokka (D:2)
  4 ball pythons
  A frilled lizard (D:1)
  3 kobolds
  7 rats (D:1)
37 creatures vanquished.

Notes
Turn   | Place    | Note
-------+----------+-------------------------------------------
     0 | D:1      | Adrian566 the Octopode Brigand began the quest for the Orb.
     0 | D:1      | Reached XP level 1. HP: 14/14 MP: 1/1
   133 | D:1      | Reached XP level 2. HP: 19/19 MP: 2/2
   243 | D:1      | Reached skill level 6 in Stealth
   426 | D:1      | Reached XP level 3. HP: 24/24 MP: 3/3
   630 | D:2      | Reached skill level 7 in Stealth
   638 | D:2      | Reached XP level 4. HP: 7/29 MP: 4/4
   762 | D:2      | Noticed Robin
   782 | D:2      | Slain by a goblin

Illustrated notes

Levels and vault maps discovered:
D:1:      shiori_arrival_maze, layout_loops_ring
D:2:      layout_rooms, minivault_4, uniq_robin, uniq_natasha, uniq_jessica

Skill      XL: |  1  2  3 |
---------------+----------+-----
Stealth        | 6 7 |  7.4
Fighting       | |  2.0
Short Blades   | |  2.4
Throwing       | |  2.0
Dodging        | |  1.0

Action                     |  1- 3 |  4- 6 || total
---------------------------+-------+-------++-------
  Melee: Dagger            |    38 |     7 ||    45
         Constrict         |    10 |     2 ||    12
         Tentacles         |     7 |     1 ||     8
    Use: Potion            |     1 |       ||     1
   Stab: Sleeping          |    17 |       ||    17
         Distracted        |     1 |       ||     1
 Armour: Skin              |     8 |    10 ||    18
  Dodge: Dodged            |    17 |     9 ||    26

Table legend: (Time is in decaauts)
 A = Elapsed time spent in this place.
 B = Non-inter-level travel time spent in this place.
 C = Inter-level travel time spent in this place.
 D = Time resting spent in this place.
 E = Time spent auto-exploring this place.
 F = Levels seen in this place.
 G = Mean time per level.
                   A        B        C        D        E       F      G
               +--------+--------+--------+--------+--------+-----+--------+
         Total |    784 |    748 |     36 |      0 |    551 |   2 |  392.0 |
       Dungeon |    784 |    748 |     36 |      0 |    551 |   2 |  392.0 |
               +--------+--------+--------+--------+--------+-----+--------+

Top non-repeatable levels by time:
     D:1: 711 daAuts
     D:2: 73 daAuts
